 Dungeon Crawl Stone Soup version 0.28-b1-25-g9875b3fc8c (webtiles) character file.

Game seed: 17548929982693540828

63 GordonOverkill the Skirmisher (level 4, 0/29 HPs)
             Began as a Kobold Chaos Knight on Jan 31, 2022.
             Was a Plaything of Xom.
             Killed from afar by Sigmund (7 damage)
             ... with a magic dart
             ... on level 2 of the Dungeon.
             The game lasted 00:04:05 (2657 turns).

GordonOverkill the Skirmisher (Kobold Chaos Knight) Turns: 2657, Time: 00:04:06

Health: 0/29       AC:  6    Str: 11    XL:     4   Next: 30%
Magic:  4/4        EV: 14    Int: 11    God:    Xom [...*..]
Gold:   56         SH:  5    Dex: 14    Spells: 3/3 levels left

rFire   . . .      SeeInvis .   d - +2 dagger (venom)
rCold   . . .      Faith    .   (no shield)
rNeg    . . .      Spirit   .   b - +3 leather armour
rPois   .          Reflect  +   (no helmet)
rElec   .          Harm     .   (no cloak)
rCorr   .          Rampage  .   (no gloves)
Will    .....                   (no boots)
Stlth   ++........              f - amulet of reflection
HPRegen 0.09/turn               (no ring)
MPRegen 0.09/turn               (no ring)

@: no status effects
A: small, no large weapons, nightstalker 3, dopey 1, screaming 1
a: Renounce Religion


You were on level 2 of the Dungeon.
You worshipped Xom.
You were a favourite toy of Xom.
You visited 1 branch of the dungeon, and saw 2 of its levels.

You collected 56 gold pieces.

Inventory:

Hand Weapons
 a - a +0 mace of chaos
 d - a +2 dagger of venom (weapon)
Armour
 b - a +3 leather armour (worn)
Jewellery
 f - an amulet of reflection (around neck)
Scrolls
 g - a scroll of fog {unknown}
 h - a scroll of fear {unknown}
Potions
 c - a potion of cancellation {unknown}
 e - a potion of curing


   Skills:
 + Level 3.7 Fighting
 + Level 0.4 Short Blades
 * Level 3.5 Maces & Flails
 + Level 1.4 Armour
 - Level 3.0 Dodging


You had 3 spell levels left.
You didn't know any spells.
Your spell library contained the following spells:

 Spells                   Type           Power      Damage    Failure   Level
 Pain                     Necr           0%         1d4       43%         1
 Gell's Gravitas          Tloc           0%         N/A       80%         3
 Lesser Beckoning         Tloc           0%         N/A       80%         3
 Teleport Other           Tloc           0%         N/A       80%         3
 Agony                    Necr           0%         N/A       100%        5
 Excruciating Wounds      Necr           0%         N/A       100%        5


Dungeon Overview and Level Annotations

Branches:
Dungeon (2/15)

Altars:

Shops:
D:1 !

Annotations:
D:2 Sigmund


Innate Abilities, Weirdness & Mutations

You are small and have problems with some larger weapons.
You are completely attuned to the shadows.
You are dopey. (Int -2)
You occasionally shout uncontrollably at your foes.


Message History

You see here 4 poisoned darts.
You open the door.
There is an open door here.
There is an open door here.
Found a stone staircase leading down.
There is a stone staircase leading down here.
You open the door.
Sigmund shouts!
Sigmund completely misses you.
There is an open door here.
Sigmund is nearby!
Sigmund is nearby!
Sigmund is nearby!
Sigmund is nearby!
You barely miss Sigmund. Sigmund barely misses you.
You hit Sigmund.
Sigmund is poisoned.
Sigmund is lightly wounded.
Sigmund gestures wildly while chanting.
Sigmund flickers and vanishes!
Deactivating autopickup; reactivate with Ctrl-A.
No target in view!
No target in view!
No target in view!
You closely miss something. Something hits you!
You hit something. You miss something. Something barely misses you.
You barely miss something. Something hits you!
* * * LOW HITPOINT WARNING * * *
A shower of butterflies erupts from you!
There is an open door here.
A puff of flame appears from out of thin air!
The puff of flame hits you!
* * * LOW HITPOINT WARNING * * *
You feel better.
You swap places.
Your butterfly disappears in a puff of smoke! x2
A magic dart appears from out of thin air!
The magic dart hits you!
You die... "It's all fun and games until someone loses an eye."

#.........#b# #.#.#.# *,
#.........#.###*###.#.#.### *,
#.........'............[..* *,
####.........#.#########.#.#.#**,
...................,..........,,,
...######..###.###**####.#.#.#**,
...# #..# #...# #.#.#,* *,
...######..# #.#§# #.#.#.***,
...........###.#@#######.....,,,,
)÷...........{................**,
##.######...§.b.b..............,,
#.# #...####.#######.#.....,, #.#
#...####.# #.#.#...,, #†#
#........# #.......,, #.#
##..###### #.#.#..#,,
#.#######..# #.#.#..#,,
#.#....##..# ####.#.#..##,


There were no monsters in sight!

Vanquished Creatures
  A gnoll (shapeshifter) (D:1)
  2 dart slugs (D:1)
  6 endoplasms (D:1)
  A giant cockroach (D:1)
  9 goblins
  4 hobgoblins
  2 quokkas (D:1)
  5 ball pythons
  5 bats
  A frilled lizard (D:1)
  4 kobolds
  6 rats
46 creatures vanquished.

Notes
Turn   | Place    | Note
-------+----------+-------------------------------------------
     0 | D:1      | GordonOverkill the Kobold Chaos Knight began the quest for
                  | the Orb.
     0 | D:1      | Reached XP level 1. HP: 14/14 MP: 1/1
   105 | D:1      | Reached XP level 2. HP: 11/19 MP: 2/2
   110 | D:1      | Reached skill level 1 in Armour
   160 | D:1      | XOM: silly message
   482 | D:1      | Found Lisoupih's Distillery.
   550 | D:1      | XOM: butterfly on damage
   755 | D:1      | Noticed a glowing shapeshifter
   755 | D:1      | a bat changed into a glowing shapeshifter
   755 | D:1      | Noticed a swamp dragon
   755 | D:1      | a glowing shapeshifter changed into a swamp dragon
   756 | D:1      | Noticed an elephant
   756 | D:1      | a swamp dragon changed into an elephant
   758 | D:1      | XOM: chaos cloud
   758 | D:1      | Noticed a komodo dragon
   758 | D:1      | an elephant changed into a komodo dragon
   764 | D:1      | Noticed a swamp dragon
   764 | D:1      | a komodo dragon changed into a swamp dragon
   766 | D:1      | Reached XP level 3. HP: 23/23 MP: 3/3
   768 | D:1      | Noticed a faun
   768 | D:1      | a swamp dragon changed into a faun
   808 | D:1      | XOM: 5-stop teleportation journey
  1195 | D:1      | Found a faded altar of an unknown god.
  1204 | D:1      | XOM: give mutations
  1204 | D:1      | Gained mutation: You are dopey. (Int -2) [Xom's mischief]
  1204 | D:1      | Gained mutation: You occasionally shout uncontrollably at
                  | your foes. [Xom's mischief]
  1349 | D:1      | XOM: silly message
  1552 | D:1      | Reached XP level 4. HP: 25/29 MP: 4/4
  2123 | D:2      | XOM: summons 1 hostile shadow creature
  2222 | D:2      | Noticed Sigmund
  2641 | D:2      | XOM: butterfly on damage
  2643 | D:2      | HP: 1/29 [something/puff of flame (10)]
  2657 | D:2      | Killed from afar by Sigmund

Illustrated notes

Levels and vault maps discovered:
D:1:      amcnicky_arrival_blooded_trapdoor, layout_loops_ring,
          shapermc_ecumenical_altar_mp_highgroup, serial_shops,
          nicolae_shop_trees, hangedman_abyss_or_decor_stabs
D:2:      layout_basic, uniq_sigmund

Skill      XL: |  1  2  3 |
---------------+----------+-----
Armour         | 1 |  1.4
Maces & Flails | 3 |  3.5
Dodging        | 3 |  3.0
Fighting       | |  3.7
Short Blades   | |  0.4

Action                   |  1- 3 |  4- 6 || total
-------------------------+-------+-------++-------
Melee: Mace              |   105 |     7 ||   112
       Dagger            |       |    20 ||    20
       Punch             |       |     1 ||     1
  Use: Potion            |     1 |     1 ||     2
       Scroll            |       |     3 ||     3
 Stab: Sleeping          |    12 |     4 ||    16
Armor: Leather armour    |    20 |     5 ||    25
Dodge: Dodged            |    64 |    16 ||    80
Block: Other             |    20 |     4 ||    24
